 Dungeon Sprint DCSS version 0.27-a0-74-gebd156f8b4 (webtiles) character file.

Game seed: 10592510548150906377

42 rocky1 the Shield-Bearer (level 3, -2/33 HPs)
             Began as a Formicid Fighter on Jan 12, 2021.
             Succumbed to a water moccasin's poison
             ... in the Dungeon (Sprint IX: "|||||||||||||||||||||||||||||").
             The game lasted 00:00:29 (93 turns).

rocky1 the Shield-Bearer (Formicid Fighter)           Turns: 93, Time: 00:00:30

Health: -2/33      AC:  7    Str: 21    XL:     3   Next: 80%
Magic:  3/3        EV:  8    Int:  7    God:
Gold:   0          SH: 10    Dex: 10    Spells: 2/2 levels left

rFire    . . .     SeeInvis +   a - +0 long sword
rCold    . . .     Faith    .   c - +0 kite shield
rNeg     . . .     Spirit   .   b - +0 scale mail
rPois    .         Reflect  .   (helmet unavailable)
rElec    .         Harm     .   (no cloak)
rCorr    .         Rampage  .   (no gloves)
Will     .....                  (no boots)
Stlth    ..........             (no amulet)
HPRegen  0.11/turn              (no ring)
MPRegen  0.08/turn              (no ring)

@: lethally poisoned (-2 -> -24)
A: permanent stasis, dig shafts and tunnels, four strong arms, antennae 3
a: Dig


You were in the Dungeon.
You visited 1 branch

Inventory:

Hand Weapons
 a - a +0 long sword (weapon)
Armour
 b - a +0 scale mail (worn)
 c - a +0 kite shield (worn)
Potions
 d - a potion of might
 g - 2 potions of magic


   Skills:
 + Level 5.0 Fighting
 + Level 3.4 Long Blades
 + Level 4.9 Armour
 + Level 0.1 Dodging
 + Level 5.6 Shields


You had 2 spell levels left.
You didn't know any spells.
Your spell library was empty.

Dungeon Overview and Level Annotations

Branches:
Dungeon (1/1)

Altars:


Innate Abilities, Weirdness & Mutations

You cannot be hasted, slowed, berserked, paralysed or teleported.
You can dig through walls and to a lower floor.
Your four strong arms can wield two-handed weapons with a shield.
You have a pair of large antennae on your head. (SInv)


Message History

You feel sick.
The water moccasin bites you but does no damage.
The water moccasin barely misses you.
You riposte.
You hit the water moccasin but do no damage.
The water moccasin is moderately wounded.
You hit the water moccasin.
The water moccasin is heavily wounded.
* * * LOW HITPOINT WARNING * * *
You feel sick.
The water moccasin bites you but does no damage.
Your scale mail prevents you from hitting the water moccasin.
The water moccasin is heavily wounded.
The water moccasin bites you.
* * * LOW HITPOINT WARNING * * *
You are more poisoned.
The water moccasin poisons you! The water moccasin barely misses you.
Unknown command.
Your scale mail prevents you from hitting the water moccasin.
The water moccasin is heavily wounded.
You die...

▓+▓
▓.▓
▓.▓
▓.▓
▓Z▓
▓J▓
▓S▓
▓@▓
▓.▓
▓.▓
▓.▓
▓.▓
▓†▓
▓.▓
▓.▓
▓.▓


You could see a water moccasin, a jelly and a bat zombie.

Vanquished Creatures
  A hound (D)
  A shadow imp (D)
  A hobgoblin (D)
  4 rats (D)
7 creatures vanquished.

Notes
Turn   | Place    | Note
-------+----------+-------------------------------------------
     0 | D        | rocky1 the Formicid Fighter began the quest for the Orb.
     0 | D        | Reached XP level 1. HP: 18/18 MP: 1/1
     0 | D        | Banished a spatial maelstrom
    66 | D        | Noticed a jelly
    66 | D        | Noticed a water moccasin
    66 | D        | Noticed a hound
    71 | D        | Reached XP level 2. HP: 8/25 MP: 2/2
    78 | D        | Reached skill level 5 in Fighting
    78 | D        | Reached skill level 5 in Shields
    78 | D        | Reached XP level 3. HP: 11/33 MP: 3/3
    81 | D        | HP: 1/33 [water moccasin (3)]
    91 | D        | HP: 1/33 [poisoned by a water moccasin]
    93 | D        | Succumbed to a water moccasin's poison

Illustrated notes

Levels and vault maps discovered:
D:        linesprint [early_d, line_temple, items_1, d_10, items_2, lair_1,
          lair_end, items_3, orc_1, orc_end, items_4, d_15, swamp_1, shoals_1,
          snake_1, spider_1, d_20, vaults_1, items_5, swamp_end, shoals_end,
          snake_end, spider_end, vaults_end, d_27, items_6, zot_1, zot_end,
          crypt_end, forest_end, elf_end, slime_end, tomb_end, abyss_end,
          pan_hell_end]

Skill      XL: |  1  2 |
---------------+-------+-----
Shields        | 4 5 |  5.6
Fighting       | 4 5 |  5.0
Armour         | 4 |  4.9
Long Blades    | 3 |  3.4
Dodging        | |  0.1

Action                   || total
-------------------------++-------
Melee: Long sword        ||    36
  Use: Potion            ||     2
Armor: Scale mail        ||    10
Dodge: Dodged            ||    18
Block: Kite shield       ||    14
       Rpst.: Long sword ||     5

Table legend: (Time is in decaauts)
 A = Elapsed time spent in this place.
 B = Non-inter-level travel time spent in this place.
 C = Inter-level travel time spent in this place.
 D = Time resting spent in this place.
 E = Time spent auto-exploring this place.
 F = Levels seen in this place.
 G = Mean time per level.
                   A        B        C        D        E       F      G
               +--------+--------+--------+--------+--------+-----+--------+
         Total |    104 |    104 |      0 |     45 |      0 |   1 |  104.0 |
       Dungeon |    104 |    104 |      0 |     45 |      0 |   1 |  104.0 |
               +--------+--------+--------+--------+--------+-----+--------+

Top non-repeatable levels by time:
       D: 104 daAuts
